 Dungeon Crawl Stone Soup version 0.19.1-1-g22dce08 (webtiles) character file.

46874 Hordelord the Spear-Bearer (level 14, -3/115 HPs)
             Began as a Grey Draconian Fire Elementalist on Dec 22, 2016.
             Was the Champion of Qazlal.
             Slain by a naga warrior
             ... wielding a +0 scimitar
              (18 damage)
             ... on level 2 of the Snake Pit on Dec 29, 2016.
             The game lasted 04:36:54 (20779 turns).

Hordelord the Spear-Bearer (DrFE)                  Turns: 20779, Time: 04:37:00

Health: -3/115     AC: 24    Str: 12    XL:     14   Next: 6%
Magic:  34/34      EV: 15    Int: 19    God:    Qazlal [******]
Gold:   922        SH: 23    Dex: 12    Spells: 6 memorised, 12 levels left

rFire  . . .     SeeInvis .     L - +3 trident (freeze)
rCold  . . .     Gourm    .     (armour unavailable)
rNeg   . . .     Faith    .     K - +4 shield
rPois  .         Spirit   .     (helmet restricted)
rElec  .         Reflect  .     v - +2 cloak
rCorr  .         Harm     .     u - +2 pair of gloves
MR     +....                    (no boots)
Stlth  +.........               N - amulet of regeneration
                                e - +2 ring of protection
                                n - ring of magical power

@: lethally poisoned (-3 -> -11), protected from physical damage, repel missiles
A: walk through water, unfitting armour, unbreathing, cold-blooded, AC +13
a: Upheaval, Elemental Force, Disaster Area, Renounce Religion


You were on level 2 of the Snake Pit.
You worshipped Qazlal.
Qazlal was exalted by your worship.
You were not hungry.

You visited 4 branches of the dungeon, and saw 17 of its levels.

You collected 1178 gold pieces.
You spent 256 gold pieces at shops.

Inventory:

Hand Weapons
 g - a +1 hunting sling
 h - a +2 dagger of venom
 s - a +0 shortbow of velocity
 t - a +2 long sword of flaming
 z - a +1 vampiric long sword
 L - a +3 trident of freezing (weapon)
 P - a +1 great mace of protection
 S - a +1 rapier of distortion
Missiles
 k - 145 stones (quivered)
 x - 245 arrows
Armour
 u - a +2 pair of gloves (worn)
 v - a +2 cloak (worn)
 K - a +4 shield (worn)
Magical Staves
 V - an uncursed staff of poison {unknown}
Jewellery
 e - a +2 ring of protection (right hand)
 n - a ring of magical power (left hand)
 r - an uncursed amulet of the gourmand {unknown}
 w - a +3 ring of intelligence
 A - an uncursed ring of positive energy {unknown}
 N - an amulet of regeneration (around neck)
 W - a cursed amulet of inaccuracy {unknown}
Wands
 b - a wand of iceblast (6/15)
 q - a wand of disintegration (13/24)
 y - a wand of flame (48/48)
 G - a wand of paralysis (6/24)
 R - a wand of flame (37/48)
 T - a wand of paralysis (8/24)
 X - a wand of iceblast (8/15)
Scrolls
 p - 6 scrolls of remove curse
 D - 6 scrolls of teleportation
 E - a scroll of silence
 J - 3 scrolls of fog
Potions
 c - a potion of lignification
 d - 5 potions of curing
 m - a potion of haste
 o - 4 potions of flight
 B - 4 potions of brilliance
 H - a potion of cure mutation
Books
 a - a book of Flames

   Spells                             Type                      Level
   a - Flame Tongue                   Conjuration/Fire             1
   b - Throw Flame                    Conjuration/Fire             2
   c - Conjure Flame                  Conjuration/Fire             3
   d - Inner Flame                    Hexes/Fire                   3
   e - Sticky Flame                   Conjuration/Fire             4
   f - Fireball                       Conjuration/Fire             5
 F - a book of Conjurations

   Spells                             Type                      Level
   a - Magic Dart                     Conjuration                  1
   b - Searing Ray                    Conjuration                  2
   c - Dazzling Spray                 Conjuration/Hexes            3
   d - Fulminant Prism                Conjuration/Hexes            4
   e - Iskenderun's Mystic Blast      Conjuration                  4
   f - Iskenderun's Battlesphere      Conjuration/Charms           5
 M - a book of Clouds

   Spells                             Type                      Level
   a - Mephitic Cloud                 Conjuration/Poison/Air       3
   b - Conjure Flame                  Conjuration/Fire             3
   c - Poisonous Cloud                Conjuration/Poison/Air       6
   d - Freezing Cloud                 Conjuration/Ice/Air          6
   e - Ring of Flames                 Charms/Fire                  7
 Q - a book of Geomancy

   Spells                             Type                      Level
   a - Sandblast                      Earth                        1
   b - Passwall                       Transmutation/Earth          2
   c - Stone Arrow                    Conjuration/Earth            3
   d - Petrify                        Transmutation/Earth          4
   e - Lee's Rapid Deconstruction     Earth                        5
 U - a book of Air

   Spells                             Type                      Level
   a - Shock                          Conjuration/Air              1
   b - Swiftness                      Charms/Air                   2
   c - Repel Missiles                 Charms/Air                   2
   d - Static Discharge               Conjuration/Air              3
   e - Lightning Bolt                 Conjuration/Air              5
Miscellaneous
 f - a fan of gales
 Y - a crystal ball of energy
 Z - a sack of spiders
Comestibles
 i - 6 fruits
 j - 2 royal jellies
 I - 3 meat rations
 O - 3 beef jerkies


   Skills:
 + Level 8.1 Fighting
 + Level 3.1 Short Blades
 + Level 10.6 Polearms
 + Level 6.9(8.1) Slings
 + Level 6.6(8.0) Throwing
 + Level 8.4 Dodging
 + Level 3.8 Stealth
 + Level 9.5 Shields
 + Level 7.4 Spellcasting
 + Level 7.5 Conjurations
 + Level 6.9 Fire Magic


You had 12 spell levels left.
You knew the following spells:

 Your Spells              Type           Power        Failure   Level  Hunger
a - Flame Tongue          Conj/Fire      ####.        1%          1    None
b - Throw Flame           Conj/Fire      ####..       1%          2    None
c - Conjure Flame         Conj/Fire      ####....     2%          3    #......
d - Fireball              Conj/Fire      ####......   28%         5    #####..
e - Magic Dart            Conj           ####         1%          1    None
f - Inner Flame           Hex/Fire       ###.....     17%         3    #......


Dungeon Overview and Level Annotations

Branches:
Dungeon (11/15)            Temple (1/1) D:5            Lair (3/6) D:11
  Snake (2/4) Lair:3
  Swamp: Lair:2-4    Shoals: Lair:2-4       Orc: D:9-12

Altars:
Cheibriados
Dithmenos
Fedhas
Hepliaklqana
Nemelex Xobeh
Qazlal
Sif Muna
Trog
Uskayaw
Yredelemnul
Zin
The Shining One

Shops:
D:8 *

Annotations:
Snake:2 Vashnia


Innate Abilities, Weirdness & Mutations

You can walk through water.
Your dull iron-grey scales are very hard. (AC +13)
You cannot fit into any form of body armour.
You can survive without breathing.
You are cold-blooded and may be slowed by cold attacks.


Message History

The anaconda constricts you.
The anaconda is engulfed in roaring flames.
The nagaraja is engulfed in freezing vapours.
The nagaraja spits poison at you.
The splash of poison is repelled.
The splash of poison hits the anaconda.
The anaconda is poisoned.
A black mamba comes into view.
You escape the anaconda's grasp.
You feel sick.
You hear an angry hiss.
* * * LOW HITPOINT WARNING * * *
You are more poisoned.
The naga sharpshooter is struck by lightning.
The naga sharpshooter unwields an uncursed flail.
The naga sharpshooter wields an uncursed arbalest.
The naga sharpshooter shoots a bolt.
The bolt misses you.
The bolt hits the naga warrior!!
The naga mage casts a spell.
You block the guardian serpent's attack.
The naga warrior hits you with a scimitar!!
You die...

.. #... .# #...
N.##... .....#
§NN..# #NN.####
#NNN...##
#@NSN....
#....§NSS###...
#....N§.§#
.......S.#
........S#
.......NS#
......#.(#
.....###S>


You could see Vashnia, 2 naga warriors, 2 nagarajas, 4 naga sharpshooters, 3
anacondas, a naga ritualist, a guardian serpent, 3 black mambas, a naga mage and
2 nagas.

Vanquished Creatures
  A yaktaur captain (D:10)
  4 naga warriors
  A hydra (Lair:2)
  Erolcha (D:9)
  An anaconda (Snake:1)
  A naga sharpshooter (Lair:3)
  Urug (Lair:1)
  Nergalle (Lair:1)
  A salamander mystic (Lair:3)
  A naga ritualist (Lair:3)
  A deep elf mage (D:10)
  2 mana vipers (Lair:3)
  2 ugly things (D:11)
  2 cyclopes (D:11)
  5 elephants (Lair:2)
  The ghost of MirrMurr the Cudgeler, a novice GrGl of Ru (D:4)
  6 salamanders
  2 guardian serpents (Lair:3)
  11 black mambas
  5 spiny frogs
  7 naga magi
  3 komodo dragons
  A tengu conjurer (D:10)
  A polar bear (Lair:3)
  2 trolls
  7 two-headed ogres
  5 blink frogs (Lair:1)
  2 hippogriffs
  40 yaks
  2 basilisks
  A wyvern (Lair:3)
  Grum (D:8)
  Edmund (D:5)
  23 nagas
  12 water moccasins
  Duvessa (D:5)
  5 porcupines
  5 ice beasts
  3 black bears
  6 orc warriors
  5 sky beasts
  18 ogres
  A phantom (D:7)
  10 wolves
  4 centaurs
  4 crocodiles
  8 bullfrogs
  2 big kobolds
  Blork the orc (D:4)
  3 scorpions
  A wyvern skeleton (D:7)
  Dowan (D:5)
  5 killer bees (D:7)
  3 wights (D:10)
  8 electric eels
  A howler monkey (D:9)
  4 crimson imps
  A quasit (D:8)
  3 bullfrog zombies
  7 jellies
  10 hounds
  2 orc priests
  3 centaur skeletons
  8 orc wizards
  Jessica (D:2)
  An iguana (D:5)
  Ijyb (D:3)
  Natasha (thrice) (D:3)
  Terence (D:2)
  6 worker ants
  2 killer bee zombies
  2 hound zombies (D:9)
  3 worker ant zombies
  19 adders
  7 gnolls
  A shadow imp (D:11)
  An ooze (D:6)
  An adder skeleton (D:8)
  3 worms
  2 dart slugs (D:4)
  5 leopard geckos
  60 orcs
  2 ball pythons
  10 giant cockroaches
  8 goblins
  4 hobgoblins
  9 jackals
  10 kobolds
  3 quokkas
  6 bats
  6 frilled lizards
  7 rats
  6 fungi
  10 plants
491 creatures vanquished.

Vanquished Creatures (others)
  A bush (Lair:2)
  A fungus (Lair:3)
  21 plants
23 creatures vanquished.

Grand Total: 514 creatures vanquished

Notes
Turn   | Place    | Note
-------+----------+-------------------------------------------
     0 | D:1      | Hordelord the Draconian Fire Elementalist began the quest for the Orb.
     0 | D:1      | Reached XP level 1. HP: 14/14 MP: 3/3
   658 | D:1      | Reached XP level 2. HP: 20/20 MP: 5/5
   857 | D:2      | Noticed Jessica
   860 | D:2      | Killed Jessica
   860 | D:2      | Reached XP level 3. HP: 26/26 MP: 6/6
   999 | D:2      | Learned a level 2 spell: Throw Flame
  1003 | D:2      | Learned a level 3 spell: Conjure Flame
  1385 | D:2      | Reached XP level 4. HP: 33/33 MP: 8/8
  1610 | D:2      | Found a basalt altar of Yredelemnul.
  1611 | D:2      | Found a snail-covered altar of Cheibriados.
  1825 | D:2      | Noticed Terence
  1841 | D:2      | Killed Terence
  1995 | D:2      | Reached skill level 1 in Slings
  2253 | D:3      | Reached XP level 5. HP: 38/38 MP: 9/9
  2520 | D:3      | Found a glowing drain.
  2731 | D:3      | Noticed Natasha
  2732 | D:3      | Noticed Ijyb
  2859 | D:4      | Noticed Blork the orc
  2875 | D:4      | Killed Blork the orc
  3231 | D:4      | Learned a level 5 spell: Fireball
  3375 | D:4      | Noticed MirrMurr's ghost (novice GrGl)
  3387 | D:5      | Entered Level 5 of the Dungeon
  3412 | D:5      | Reached skill level 1 in Throwing
  3516 | D:5      | Found a staircase to the Ecumenical Temple.
  3525 | D:5      | Reached XP level 6. HP: 36/45 MP: 11/11
  3535 | Temple   | Entered the Ecumenical Temple
  3594 | Temple   | Became a worshipper of Qazlal Stormbringer
  3841 | D:5      | Learned a level 1 spell: Magic Dart
  3899 | D:5      | Noticed Dowan
  3901 | D:5      | Noticed Duvessa
  3903 | D:5      | Noticed an ice beast
  3905 | D:5      | Killed Dowan
  3914 | D:5      | Killed an ice beast
  3936 | D:5      | Your scales start taking on a dull iron-grey colour.
  3936 | D:5      | Reached XP level 7. HP: 7/50 MP: 8/13
  3936 | D:5      | Gained mutation: You can survive without breathing. [Grey Draconian growth]
  4418 | D:5      | Reached skill level 5 in Fire Magic
  4913 | D:5      | Reached skill level 1 in Short Blades
  5095 | D:5      | Killed Duvessa
  5095 | D:5      | Reached XP level 8. HP: 58/58 MP: 3/15
  5269 | D:5      | Noticed Edmund
  5279 | D:5      | Killed Edmund
  5279 | D:5      | Reached skill level 5 in Spellcasting
  5532 | D:4      | Found a shadowy altar of Dithmenos.
  5570 | D:4      | Found a blossoming altar of Fedhas.
  5852 | D:4      | Killed MirrMurr's ghost
  5852 | D:4      | Reached * piety under Qazlal
  5918 | D:3      | Killed Natasha
  6035 | D:3      | Noticed Natasha
  6088 | D:3      | Killed Natasha
  6088 | D:3      | Reached skill level 5 in Conjurations
  6323 | D:3      | Noticed Natasha
  6369 | D:3      | Killed Natasha
  6453 | D:3      | Killed Ijyb
  6575 | D:3      | Reached skill level 1 in Fighting
  7327 | D:6      | Reached XP level 9. HP: 48/64 MP: 17/17
  7629 | D:6      | Upgraded the game from 0.19.1 to 0.19.1-1-g22dce08
  7719 | D:6      | Found a bloodstained altar of Trog.
  7728 | D:6      | Found a hide-covered altar of Uskayaw.
  7791 | D:6      | Reached skill level 5 in Throwing
  8362 | D:6      | Found a deep blue altar of Sif Muna.
  8451 | D:6      | Reached ** piety under Qazlal
  9590 | D:7      | Found a sparkling altar of Nemelex Xobeh.
  9817 | D:8      | Found Beemopag's General Store.
  9840 | D:8      | Bought a +2 trident of freezing for 256 gold pieces
 10057 | D:8      | Noticed Grum
 10069 | D:8      | Reached XP level 10. HP: 76/77 MP: 18/18
 10089 | D:8      | Killed Grum
 10490 | D:8      | Reached skill level 1 in Polearms
 10490 | D:8      | Reached skill level 1 in Shields
 11060 | D:8      | Reached skill level 2 in Polearms
 11413 | D:9      | Reached *** piety under Qazlal
 11586 | D:9      | Reached skill level 3 in Polearms
 11920 | D:9      | Reached skill level 5 in Slings
 12122 | D:9      | Reached skill level 5 in Dodging
 12216 | D:9      | Reached **** piety under Qazlal
 12454 | D:9      | Reached skill level 4 in Polearms
 12552 | D:9      | Reached XP level 11. HP: 85/85 MP: 20/20
 12558 | D:9      | Reached skill level 5 in Fighting
 12622 | D:9      | Noticed Erolcha
 12646 | D:9      | Killed Erolcha
 12872 | D:9      | Learned a level 2 spell: Throw Flame
 12876 | D:9      | Learned a level 3 spell: Inner Flame
 12977 | D:10     | Entered Level 10 of the Dungeon
 13190 | D:10     | Found a hazy altar of Hepliaklqana.
 13726 | D:10     | Noticed a deep elf mage
 13726 | D:10     | Noticed a yaktaur captain
 13736 | D:10     | Killed a deep elf mage
 13742 | D:10     | Killed a yaktaur captain
 14082 | D:11     | Reached skill level 5 in Polearms
 14088 | D:11     | Noticed a purple ugly thing
 14106 | D:11     | Killed a purple ugly thing
 14346 | D:11     | Reached skill level 6 in Polearms
 14456 | D:11     | Found a staircase to the Lair.
 14518 | D:11     | Reached ***** piety under Qazlal
 14518 | D:11     | Reached XP level 12. HP: 95/95 MP: 20/22
 15014 | Lair:1   | Entered Level 1 of the Lair of Beasts
 15096 | Lair:1   | Reached skill level 5 in Shields
 15727 | Lair:1   | Reached skill level 7 in Polearms
 16006 | Lair:2   | Noticed Urug
 16020 | Lair:2   | Noticed Nergalle
 16246 | Lair:1   | Killed Urug
 16393 | Lair:1   | Killed Nergalle
 16962 | Lair:2   | Noticed a six-headed hydra
 17062 | Lair:2   | Reached skill level 8 in Polearms
 17073 | Lair:2   | Killed a six-headed hydra
 17512 | Lair:3   | Reached XP level 13. HP: 77/104 MP: 24/24
 17856 | Lair:3   | Found a staircase to the Snake Pit.
 17904 | Lair:3   | Reached skill level 9 in Polearms
 18308 | Snake:1  | Entered Level 1 of the Snake Pit
 19254 | Lair:3   | Reached ****** piety under Qazlal
 19710 | Lair:3   | Reached skill level 10 in Polearms
 20641 | Snake:2  | Noticed a nagaraja
 20641 | Snake:2  | Noticed a nagaraja
 20665 | Snake:1  | Reached XP level 14. HP: 97/115 MP: 25/25
 20695 | Snake:2  | Noticed Vashnia
 20779 | Snake:2  | Slain by a naga warrior

Skill      XL: |  1  2  3  4  5  6  7  8  9 10 11 12 13 |
---------------+----------------------------------------+-----
Dodging        | 2 3 4 5 7 8 |  8.4
Stealth        | 2 3 |  3.8
Spellcasting   | 3 4 5 6 7 |  7.4
Slings         | 1 2 4 5 6 |  6.9
Conjurations   | 2 3 4 5 6 7 |  7.5
Fire Magic     | 4 5 6 |  6.9
Throwing       | 1 2 4 5 6 |  6.6
Short Blades   | 1 2 3 |  3.1
Fighting       | 1 3 4 5 6 8 |  8.1
Polearms       | 4 6 8 10 | 10.6
Shields        | 3 4 7 9 |  9.5

Action                   |  1- 3 |  4- 6 |  7- 9 | 10-12 | 13-15 || total
-------------------------+-------+-------+-------+-------+-------++-------
Melee: Dagger            |       |    14 |   539 |       |       ||   553
       Tailslap          |       |     1 |    54 |    95 |    63 ||   213
       Trident           |       |       |    27 |   794 |   547 ||  1368
 Fire: Hunting sling     |    21 |    46 |   134 |   263 |       ||   464
Throw: Stone             |       |    87 |   519 |   186 |     7 ||   799
       Tomahawk          |       |       |     2 |    13 |       ||    15
       Throwing net      |       |       |     2 |     1 |       ||     3
 Cast: Flame Tongue      |    31 |    92 |    75 |    39 |     9 ||   246
       Throw Flame       |     3 |    33 |    22 |       |       ||    58
       Conjure Flame     |     2 |    12 |    62 |    51 |     8 ||   135
       Magic Dart        |       |       |    66 |   165 |    32 ||   263
       Fireball          |       |       |     3 |       |       ||     3
  Use: Scroll            |     6 |     6 |     4 |    20 |     4 ||    40
       Potion            |       |     5 |     9 |       |     6 ||    20
  Eat: Bread ration      |     1 |     1 |     2 |     4 |       ||     8
       Royal jelly       |       |     1 |       |     1 |       ||     2
       Meat ration       |       |     1 |     2 |     1 |       ||     4
       Pizza             |       |       |     1 |     1 |       ||     2
       Beef jerky        |       |       |     1 |     5 |       ||     6
       Fruit             |       |       |       |     1 |     5 ||     6
Armor: Skin              |    11 |    30 |   246 |   267 |    80 ||   634
Dodge: Dodged            |    25 |    64 |   338 |   271 |   154 ||   852
       Deflected         |       |       |       |     9 |    30 ||    39
Block: Other             |       |       |    12 |       |       ||    12
       Shield            |       |       |    24 |   565 |   538 ||  1127
